 Dungeon Crawl Stone Soup version 0.16.2-12-gd0ad4c3 (webtiles) character file.

123 Kloppie the Sneak (level 4, 0/30 HPs)
             Began as a Vampire Enchanter on Oct 29, 2015.
             Slain by an adder (5 damage)
             ... on level 2 of the Dungeon.
             The game lasted 00:05:53 (2197 turns).

Kloppie the Sneak (Vampire Enchanter)               Turns: 2197, Time: 00:05:53

Health: 0/30       AC:  4    Str:  7    XL:     4   Next: 79%
Magic:  0/7        EV: 12    Int: 17    God:
Gold:   57         SH:  0    Dex: 15    Spells: 2 memorised, 4 levels left

rFire  . . .     SeeInvis +     a - +1 dagger
rCold  + . .     Clarity  .     b - +1 robe
rNeg   + + .     SustAb   .     (no shield)
rPois  +         Gourm    .     i - +0 helmet
rElec  .         Spirit   .     (no cloak)
rCorr  .         Warding  .     (no gloves)
rMut   .         Stasis   .     (no boots)
MR     .....                    (no amulet)
Stlth  ++++......               (no ring)
                                (no ring)

@: lethally poisoned (0 -> -5), very slightly contaminated, regenerating slowly,
not resistant to hostile enchantments, stealthy
A: bottle blood, fangs 3, see invisible, unbreathing
a: Bat Form


You were on level 2 of the Dungeon.
You were thirsty.

You visited 1 branch of the dungeon, and saw 2 of its levels.

You collected 57 gold pieces.

Inventory:

Hand weapons
 a - a +1 dagger (weapon)
Armour
 b - a +1 robe (worn)
 i - a +0 helmet (worn)
Jewellery
 g - an uncursed amulet of the gourmand {unknown}
Magical devices
 n - a wand of frost (13)
Scrolls
 f - 4 scrolls of identify {unknown}
 h - a scroll of amnesia {unknown}
 j - a scroll of blinking {unknown}
 k - a scroll of enchant armour {unknown}
 m - a scroll of remove curse {unknown}
 p - 3 scrolls of teleportation {unknown}
Potions
 d - a potion of blood
 e - 3 potions of curing {unknown}
 l - a potion of heal wounds {unknown}
 o - a potion of poison {unknown}
Books
 c - a book of Maledictions

   Spells                             Type                      Level
   a - Corona                         Hexes                        1
   b - Sure Blade                     Hexes/Charms                 2
   c - Ensorcelled Hibernation        Hexes/Ice                    2
   d - Confuse                        Hexes                        3
   e - Dazzling Spray                 Conjuration/Hexes            3
   f - Enslavement                    Hexes                        4


   Skills:
 + Level 3.6 Short Blades
 - Level 2.1 Dodging
 + Level 6.8 Stealth
 - Level 2.0 Spellcasting
 - Level 4.4 Hexes


You had 4 spell levels left.
You knew the following spells:

 Your Spells              Type           Power        Failure   Level  Hunger
a - Corona                Hex            ###....      3%          1    #......
b - Ensorcelled Hibernat  Hex/Ice        #.....       14%         2    ###....


Dungeon Overview and Level Annotations

Branches:
Dungeon (2/15)

Altars:
Ashenzari
The Shining One

Annotations:
D:2 Robin


Innate Abilities, Weirdness & Mutations

You heal slowly.
You can bottle blood from corpses.
You have razor-sharp teeth.
You have supernaturally acute eyesight.
You can survive without breathing.


Message History

The adder bites you.
* * * LOW HITPOINT WARNING * * *
You closely miss the adder.
The adder is heavily wounded.
The adder bites you but does no damage.
You hit the adder. You bite the adder, but do no damage.
The adder is severely wounded.
The adder bites you.
* * * LOW HITPOINT WARNING * * *
The adder bites you.
* * * LOW HITPOINT WARNING * * *
Casting: Ensorcelled Hibernation
Confirm with . or Enter, or press ? or * to list all spells.
Aiming: Ensorcelled Hibernation
Press: ? - help, Shift-Dir - straight line, f/p - adder
Aim: an adder (severely wounded, chance 50%)
The adder resists with some effort.
The adder closely misses you.
You feel sick. The adder bites you.
You die...

.... #.. ... #.= .
. ..#.. .......
..$ .....#.# #h#
......#.# #†#
....[..#.# #h#
.........####S#
.......#..#.@.#
#.......#....###
.# # ##. ##....##
#.#..
#....####...†.##
#####.#.%.
##.#..#.....##..##
#.........#
.._..##.##.####..#
#.^.......#
.#)#.##.##.# ##.#
##.....[...#
##......##.# #.#
###.........>#
#...[#####.# #.#
#............#


You could see an adder and 2 jackals.

Vanquished Creatures
  Terence (D:2)
  3 gnolls
  3 adders (D:2)
  2 worms (D:2)
  A giant gecko (D:2)
  An ooze (D:1)
  8 goblins
  3 hobgoblins (D:1)
  2 kobolds (D:1)
  4 quokkas
  5 bats
  4 giant cockroaches
  3 giant newts
  4 rats
44 creatures vanquished.

Notes
Turn   | Place    | Note
--------------------------------------------------------------
     0 | D:1      | Kloppie, the Vampire Enchanter, began the quest for the Orb.
     0 | D:1      | Reached XP level 1. HP: 13/13 MP: 3/3
   324 | D:1      | Reached XP level 2. HP: 17/19 MP: 4/4
   549 | D:1      | Reached skill level 5 in Stealth
   817 | D:1      | Learned a level 2 spell: Ensorcelled Hibernation
   878 | D:2      | Reached XP level 3. HP: 24/24 MP: 6/6
   941 | D:2      | Noticed Terence
   946 | D:2      | Killed Terence
   982 | D:2      | Reached skill level 6 in Stealth
  1134 | D:2      | Found a shattered altar of Ashenzari.
  1137 | D:2      | Noticed Robin
  1185 | D:1      | Reached XP level 4. HP: 7/30 MP: 7/7
  1409 | D:2      | Found a glowing golden altar of the Shining One.
  2197 | D:2      | Slain by an adder

Action                   |  1- 3 |  4- 6 || total
-------------------------+-------+-------++-------
Melee: Dagger            |    97 |    46 ||   143
 Cast: Ensorcelled Hiber |       |    14 ||    14
 Stab: Sleeping          |     9 |     8 ||    17
  Eat: Corpse            |     5 |       ||     5
